 Dungeon Crawl Stone Soup version 0.26.1-11-gd32895ea62 (webtiles) character file.

Game seed: 2498012289542143681

525 Almogavar the Chopper (level 7, 0/60 HPs)
             Began as a Hill Orc Fighter on July 8, 2021.
             Slain by Duvessa
             ... wielding a +4 antimagic short sword
              (8 damage)
             ... on level 4 of the Dungeon.
             The game lasted 00:08:09 (4656 turns).

Almogavar the Chopper (Hill Orc Fighter)            Turns: 4656, Time: 00:08:09

Health: 0/60       AC:  7    Str: 21      XL:     7   Next: 23%
Magic:  0/7        EV:  2    Int:  8      God:
Gold:   139        SH:  0    Dex:  0 (10) Spells: 6/6 levels left

rFire    . . .     SeeInvis .   a - +1 war axe
rCold    . . .     Faith    .   c - +0 kite shield
rNeg     . . .     Spirit   .   b - +0 scale mail
rPois    .         Reflect  .   (no helmet)
rElec    .         Harm     .   (no cloak)
rCorr    .         Rampage  .   (no gloves)
Will     .....                  (no boots)
Stlth    ..........             (no amulet)
HPRegen  0.20/turn              (no ring)
MPRegen  0.10/turn              (no ring)

@: mighty, slowed, lost dexterity, very slow
A: no striking features
a: no special abilities


You were on level 4 of the Dungeon.
You visited 1 branch of the dungeon, and saw 4 of its levels.

You collected 139 gold pieces.

Inventory:

Hand Weapons
 a - a +1 war axe (weapon)
Armour
 b - a +0 scale mail (worn)
 c - a +0 kite shield (worn)
Scrolls
 e - a scroll of magic mapping {unknown}
 g - 2 scrolls of enchant weapon
 j - 2 scrolls of remove curse
 k - a scroll of blinking {unknown}
Potions
 h - 3 potions of haste


   Skills:
 + Level 4.7 Fighting
 + Level 6.9 Axes
 + Level 4.9 Armour
 + Level 1.0 Dodging
 - Level 0.3 Stealth
 + Level 4.6 Shields


You had 6 spell levels left.
You didn't know any spells.
Your spell library was empty.

Dungeon Overview and Level Annotations

Branches:
Dungeon (4/15)
 Temple: D:4-7

Altars:
Cheibriados
Elyvilon
Hepliaklqana
Kikubaaqudgha
Nemelex Xobeh
Yredelemnul

Shops:
D:4 :

Annotations:
D:4 Dowan, Duvessa


Message History

A quokka comes into view.
Dowan hits you but does no damage.
Duvessa hits you with a +4 antimagic short sword.
The quokka moves out of view.
Duvessa hits you but does no damage. Dowan hits you but does no damage.
Duvessa hits you with a +4 antimagic short sword!
* * * LOW HITPOINT WARNING * * *
You feel your power leaking away.
You see here a hound skeleton.
Dowan gestures at you while chanting. The puff of flame hits you!
* * * LOW HITPOINT WARNING * * *
You feel very mighty all of a sudden. Duvessa hits you but does no damage.
Dowan casts a spell.
Dowan blinks!
You slash Duvessa!
Duvessa is severely wounded.
Duvessa hits you with a +4 antimagic short sword!
You die...

##.# ..# # #.##
#.##..## # #.....[#
# #. #...####..#
#.#####...e@..♣
####........÷####..#
.........##### #
#####...# ##.## #.#
#########)#
.....(..#.## .
...####....#######..


You could see Duvessa.

Vanquished Creatures
  Eustachio (D:4)
  A scorpion (D:4)
  A hound (D:4)
  3 orc priests (D:3)
  An orc wizard (D:3)
  Natasha (twice) (D:3)
  A worker ant (D:3)
  2 adders
  5 worms
  3 dart slugs
  4 leopard geckos
  5 orcs (D:3)
  8 bats
  4 giant cockroaches
  2 gnoll zombies (D:2)
  7 goblins
  9 hobgoblins
  3 jackals (D:3)
  3 quokkas
  A ball python (D:4)
  3 frilled lizards
  8 kobolds
  6 rats
83 creatures vanquished.

Vanquished Creatures (others)
  7 toadstools (D:1)
7 creatures vanquished.

Grand Total: 90 creatures vanquished

Notes
Turn   | Place    | Note
-------+----------+-------------------------------------------
     0 | D:1      | Almogavar the Hill Orc Fighter began the quest for the Orb.
     0 | D:1      | Reached XP level 1. HP: 19/19 MP: 1/1
    82 | D:1      | Reached skill level 3 in Axes
   188 | D:1      | Reached XP level 2. HP: 27/27 MP: 2/2
   571 | D:1      | Reached XP level 3. HP: 26/33 MP: 3/3
  1356 | D:2      | Reached skill level 4 in Axes
  1586 | D:2      | Reached XP level 4. HP: 34/40 MP: 4/4
  1925 | D:2      | Found a basalt altar of Yredelemnul.
  2191 | D:3      | Reached XP level 5. HP: 30/46 MP: 5/5
  2513 | D:3      | Reached skill level 5 in Axes
  2657 | D:3      | Reached XP level 6. HP: 39/52 MP: 6/6
  2882 | D:3      | Found a hazy altar of Hepliaklqana.
  2882 | D:3      | Found an ancient bone altar of Kikubaaqudgha.
  3099 | D:3      | Found a snail-covered altar of Cheibriados.
  3129 | D:3      | Found a sparkling altar of Nemelex Xobeh.
  3141 | D:3      | Noticed Natasha
  3149 | D:3      | Killed Natasha
  3150 | D:3      | Reached skill level 6 in Axes
  3485 | D:3      | Found a white marble altar of Elyvilon.
  3625 | D:4      | Noticed Eustachio
  3760 | D:4      | Found Heraqa's Book Shop.
  3918 | D:3      | Noticed Natasha
  3940 | D:3      | Killed Natasha
  4154 | D:4      | Lost dexterity.
  4328 | D:4      | Killed Eustachio
  4329 | D:4      | Reached skill level 1 in Dodging
  4329 | D:4      | Reached XP level 7. HP: 28/60 MP: 7/7
  4643 | D:4      | Noticed Duvessa
  4646 | D:4      | Noticed Dowan
  4656 | D:4      | Slain by Duvessa

Illustrated notes

Levels and vault maps discovered:
D:1:      nagdon_arrival_double_spiral, layout_loops_corners,
          chequers_serial_rivers_small_3, minmay_tromino_v4_b
D:2:      layout_loops_ring, lemuel_zombie_altar_yredelemnul,
          kennysheep_generic_room_6
D:3:      layout_basic, nicolae_overflow_hidden_temple,
          lemuel_coloured_pillars_altar, gammafunk_temple_overflow_wave,
          kennysheep_slug_shrine, uniq_natasha
D:4:      layout_loops_cross, vehumet_altar_wand_db, serial_shops,
          kennysheep_mini, shop_statue, nicolae_shop_trees, shop,
          uniq_blork_the_orc, uniq_eustachio, uniq_sigmund, uniq_duvessa

Skill      XL: |  1  2  3  4  5  6 |
---------------+-------------------+-----
Axes           | 3 4 5 6 |  6.9
Fighting       | 4 |  4.7
Shields        | 4 |  4.6
Armour         | 4 |  4.9
Dodging        | 1 |  1.0
Stealth        | |  0.3

Action                   |  1- 3 |  4- 6 |  7- 9 || total
-------------------------+-------+-------+-------++-------
Melee: War axe           |   142 |   183 |    22 ||   347
  Use: Scroll            |     1 |     4 |       ||     5
       Potion            |       |       |     1 ||     1
Armor: Scale mail        |    52 |   156 |    23 ||   231
Dodge: Dodged            |    47 |   103 |     6 ||   156
Block: Kite shield       |    80 |   136 |       ||   216
